 Dungeon Crawl Stone Soup version 0.29.0-13-gc9e81de378 (webtiles) character file.

Game seed: 14255056481202658163

276 ChampLongTeeth the Chopper (level 6, -1/56 HPs)
             Began as a Minotaur Berserker on Sept 11, 2022.
             Was a Believer of Trog.
             Blown up by Ijyb (9 damage)
             ... with a mindburst bolt
             ... on level 4 of the Dungeon.
             The game lasted 00:27:44 (1620 turns).

ChampLongTeeth the Chopper (Minotaur Berserker)     Turns: 1620, Time: 00:27:45

Health: -1/56      AC: 12    Str: 23    XL:     6   Next: 4%
Magic:  5/5        EV:  7    Int:  4    God:    Trog [**....]
Gold:   180        SH:  6    Dex: 10    Spells: 5/5 levels left

rFire   . . .      SeeInvis .   a - +0 hand axe
rCold   . . .      Faith    .   e - +0 kite shield
rNeg    . . .      Spirit   .   l - +0 chain mail
rPois   .          Reflect  .   (helmet restricted)
rElec   .          Harm     .   (no cloak)
rCorr   .          Rampage  .   k - +2 pair of gloves
Will    .....                   (no boots)
Stlth   ..........              (no amulet)
HPRegen 0.18/turn               (no ring)
MPRegen 0.09/turn               (no ring)

@: no status effects
A: horns 2, retaliatory headbutt
a: Renounce Religion, Berserk, Trog's Hand


You were on level 4 of the Dungeon.
You worshipped Trog.
Trog was pleased with you.
You visited 1 branch of the dungeon, and saw 4 of its levels.

You collected 180 gold pieces.

Inventory:

Hand Weapons
 a - a +0 hand axe (weapon)
 g - a +0 club
 h - a +0 short sword
 v - a +0 club
 w - a +0 flail
 x - a +0 spear
Missiles
 j - 3 javelins (quivered)
Armour
 b - a +0 animal skin
 e - a +0 kite shield (worn)
 k - a +2 pair of gloves (worn)
 l - a +0 chain mail (worn)
 s - the +1 robe of Understanding {Contam Str+5}
   (You found it on level 3 of the Dungeon)

   Str:       It affects your strength (+5).
   Contam:    It causes magical contamination when unequipped.
 u - a +0 helmet
Wands
 c - a wand of flame (7)
Scrolls
 f - a scroll of vulnerability {unknown}
 i - a scroll of enchant armour {unknown}
 m - a scroll of poison {unknown}
 n - 2 scrolls of butterflies {unknown}
 o - 2 scrolls of teleportation
 q - a scroll of fear {unknown}
 r - a scroll of identify
 t - a scroll of immolation {unknown}
Potions
 d - 2 potions of lignification
 p - a potion of berserk rage {unknown}


   Skills:
 + Level 5.4 Fighting
 + Level 5.7 Axes
 + Level 0.9 Throwing
 + Level 3.4 Armour
 + Level 3.0 Dodging
 + Level 0.5 Stealth
 + Level 0.7 Shields


You had 5 spell levels left.
You didn't know any spells.
Your spell library contained the following spells:

 Spells                   Type           Power      Damage    Failure   Level
 Slow                     Hex            0%         N/A       100%        1
 Confusing Touch          Hex            0%         N/A       100%        3
 Vampiric Draining        Necr           0%         2d6       100%        3


Dungeon Overview and Level Annotations

Branches:
Dungeon (4/15)
 Temple: D:4-7

Altars:
Sif Muna

Shops:
D:1 (   D:2 :

Annotations:
D:4 Ijyb


Innate Abilities, Weirdness & Mutations

You have a pair of horns on your head.
You reflexively headbutt those who attack you in melee.


Message History

a +0 club; a gnoll corpse
v - a +0 club
Things that are here:
a +0 flail; a gnoll corpse
w - a +0 flail You see here a +0 spear.
x - a +0 spear
Found 3 stones.
Found a trident.
You see here a javelin.
You are too injured to fight recklessly!
The worm bites you!
You see here a javelin.
You barely miss the worm. Your headbutt misses the worm.
The worm barely misses you. You furiously retaliate!
You headbutt the worm. You hit the worm.
The worm is heavily wounded.
You hit the worm.
The worm is severely wounded.
The worm bites you!
* * * LOW HITPOINT WARNING * * *
You hit the worm. You headbutt the worm.
The worm is almost dead.
The worm bites you.
* * * LOW HITPOINT WARNING * * *
As you read the scroll of teleportation, it crumbles to dust.
You feel strangely unstable. The worm bites you.
* * * LOW HITPOINT WARNING * * *
You barely miss the worm. You headbutt the worm.
You kill the worm!
Trog accepts your kill.
Your surroundings suddenly seem different.
Ijyb the Twisted Goblin comes into view.
She is wielding a +0 club and carrying a wand of mindburst (7).
Found a sedimented ruby potion.
Ijyb zaps a wand.
You barely resist.
Ijyb zaps a wand.
You barely resist. You hit Ijyb but do no damage. You headbutt Ijyb.
Ijyb is lightly wounded.
Ijyb hits you but does no damage.
Ijyb zaps a wand.
Your mind is blasted!
You die...

.........†...
#.####.######.....
#.#.. #.....
##.#.# # #.....
##....# .. .......
.....##... .#.####
#......... ....#
#.g....# .##...
#.@.!..# #....###
..........#
######....# +....#
#...## ..... #####


You could see Ijyb.

Vanquished Creatures
  An orc priest (D:3)
  Natasha (thrice) (D:3)
  An iguana (D:4)
  Robin (D:4)
  4 gnolls (D:4)
  5 adders
  2 worms
  4 orcs (D:3)
  3 endoplasms
  A giant cockroach (D:2)
  12 goblins
  3 hobgoblins
  4 kobolds
  5 ball pythons
  2 bats
  A frilled lizard (D:2)
52 creatures vanquished.

Vanquished Creatures (others)
  3 fungi (D:3)
  2 plants (D:1)
5 creatures vanquished.

Grand Total: 57 creatures vanquished

Notes
Turn   | Place    | Note
-------+----------+-------------------------------------------
     0 | D:1      | ChampLongTeeth the Minotaur Berserker began the quest for
                  | the Orb.
     0 | D:1      | Reached XP level 1. HP: 19/19 MP: 0/0
    28 | D:1      | Found Qaid's Antique Weapon Shop.
   156 | D:1      | Reached XP level 2. HP: 11/27 MP: 1/1
   569 | D:2      | Found Huzxeagg's Book Shoppe.
   676 | D:2      | Reached XP level 3. HP: 31/34 MP: 2/2
   817 | D:3      | Reached XP level 4. HP: 41/41 MP: 3/3
   852 | D:3      | Reached ** piety under Trog
   853 | D:3      | Noticed Natasha
   862 | D:3      | Killed Natasha
   878 | D:3      | Reached skill level 5 in Axes
   882 | D:3      | Noticed Natasha
   892 | D:3      | Killed Natasha
   918 | D:3      | Reached XP level 5. HP: 20/47 MP: 4/4
  1023 | D:3      | Noticed Natasha
  1029 | D:3      | Killed Natasha
  1165 | D:3      | Found a shimmering blue altar of Sif Muna.
  1209 | D:3      | Reached skill level 5 in Fighting
  1233 | D:3      | Found a faded altar of an unknown god.
  1272 | D:3      | Identified the +1 robe of Understanding {Contam Str+5}
  1379 | D:4      | Noticed Robin
  1383 | D:4      | Killed Robin
  1583 | D:4      | Reached XP level 6. HP: 22/56 MP: 5/5
  1618 | D:4      | Noticed Ijyb
  1620 | D:4      | Blown up by Ijyb

Illustrated notes

Levels and vault maps discovered:
D:1:      eino_arrival_water_cross, layout_basic, serial_shops,
          nicolae_shop_overgrown_old_shop, nicolae_figureground_sparkle
D:2:      layout_basic, serial_shops, nicolae_shop_statue_plus,
          minmay_misc_feat_roman
D:3:      layout_rooms, mainiacjoe_overflow_alcove_4,
          chequers_ecumenical_altar_simple_redux, minmay_misc_feat_rows,
          uniq_natasha
D:4:      layout_basic, nicolae_overflow_hidden_temple, okawaru_trees_1,
          uniq_ijyb, uniq_sigmund, uniq_robin

Skill      XL: |  1  2  3  4  5 |
---------------+----------------+-----
Axes           | 4 5 |  5.7
Fighting       | 4 5 |  5.4
Armour         | 3 |  3.4
Dodging        | 3 |  3.0
Throwing       | |  0.9
Stealth        | |  0.5
Shields        | |  0.7

Action                   |  1- 3 |  4- 6 || total
-------------------------+-------+-------++-------
Melee: Hand axe          |    47 |    75 ||   122
       Headbutt          |     6 |    12 ||    18
Throw: Javelin           |     4 |     9 ||    13
  Use: Scroll            |       |     4 ||     4
Armor: Animal skin       |     5 |       ||     5
       Chain mail        |    10 |    31 ||    41
Dodge: Dodged            |    28 |    19 ||    47
Block: Kite shield       |     9 |    25 ||    34
